 Dungeon Crawl Stone Soup version 0.26.1-10-gdfb7c7de75 (webtiles) character file.

Game seed: 2574155791279383691

736 MalarOregon the Sneak (level 8, 0/52 HPs)
             Began as a Halfling Warper on Apr 2, 2021.
             Killed from afar by Edmund (8 damage)
             ... with a puff of flame
             ... on level 4 of the Dungeon.
             The game lasted 00:07:51 (5523 turns).

MalarOregon the Sneak (Halfling Warper)             Turns: 5523, Time: 00:07:52

Health: 0/52       AC:  4    Str: 13    XL:     8   Next: 4%
Magic:  10/10      EV: 17    Int: 12    God:
Gold:   143        SH:  0    Dex: 20    Spells: 10/10 levels left

rFire    . . .     SeeInvis .   a - +2 short sword (elec)
rCold    . . .     Faith    .   (shield restricted)
rNeg     + . .     Spirit   .   s - +0 leather armour
rPois    .         Reflect  .   (no helmet)
rElec    .         Harm     .   q - scarf {shadows}
rCorr    .         Rampage  .   (no gloves)
Will     .....                  n - +0 pair of boots
Stlth    +++.......             (no amulet)
HPRegen  0.17/turn              l - ring of positive energy
MPRegen  0.12/turn              o - +6 ring of dexterity

@: no status effects
A: small, mutation resistance 1
a: no special abilities


You were on level 4 of the Dungeon.
You visited 1 branch of the dungeon, and saw 4 of its levels.
You also visited: Sewer.

You collected 143 gold pieces.

Inventory:

Hand Weapons
 a - a +2 short sword of electrocution (weapon)
   (You found it on level 1 of the Dungeon)
 b - a +2 falchion of holy wrath
   (You took it off an orc priest on level 2 of the Dungeon)
 y - a +2 rapier of flaming
   (You found it on level 3 of the Dungeon)
Missiles
 e - 13 boomerangs of dispersal {!f}
 t - 5 boomerangs
 w - 34 poisoned darts (quivered)
Armour
 n - a +0 pair of boots (worn)
   (You found it on level 1 of the Dungeon)
 q - a scarf of shadows (worn)
   (You found it on level 2 of the Dungeon)
 s - a +0 leather armour (worn)
Jewellery
 l - a ring of positive energy (left hand)
   (You found it on level 1 of the Dungeon)
 o - a +6 ring of dexterity (right hand)
   (You found it on level 1 of the Dungeon)
Wands
 g - a wand of polymorph (2)
   (You took it off Natasha on level 3 of the Dungeon)
Scrolls
 c - 5 scrolls of teleportation {unknown}
 d - 4 scrolls of blinking
 u - 2 scrolls of remove curse {unknown}
 v - a scroll of random uselessness {unknown}
 x - a scroll of enchant armour {unknown}
Potions
 f - 2 potions of might
 h - a potion of mutation {unknown}
 i - a potion of lignification {unknown}
 k - a potion of berserk rage {unknown}
 m - a potion of curing {@q1}
 p - a potion of ambrosia {unknown}
 r - 2 potions of invisibility


   Skills:
 + Level 3.3 Fighting
 + Level 3.1(4.3) Short Blades
 + Level 3.7(4.1) Long Blades
 - Level 1.0 Throwing
 + Level 3.3 Armour
 + Level 4.1 Dodging
 * Level 5.0 Stealth
 - Level 1.5 Spellcasting
 - Level 3.2 Translocations


You had 10 spell levels left.
You didn't know any spells.
Your spell library contained the following spells:

 Spells                   Type           Power        Failure   Level
 Blink                    Tloc           N/A          14%         2
 Gell's Gravitas          Tloc           2%           28%         3
 Lesser Beckoning         Tloc           2%           28%         3
 Teleport Other           Tloc           4%           28%         3
 Passage of Golubria      Tloc           N/A          67%         4


Dungeon Overview and Level Annotations

Branches:
Dungeon (4/15)              Sewer (visited)
 Temple: D:4-7

Altars:
Cheibriados
Makhleb
The Shining One

Annotations:
D:4 Edmund, Grinder


Innate Abilities, Weirdness & Mutations

You are small and have problems with some larger weapons.
You are somewhat resistant to further mutation.


Message History

Edmund zaps a wand.
The puff of flame hits you!
You hit Edmund.
Edmund hits you with a +3 dire flail of holy wrath!
You hit Edmund but do no damage.
Edmund hits you with a +3 dire flail of holy wrath.
You hit Edmund. Lightning courses through Edmund!
You hit Edmund but do no damage.
Edmund hits you with a +3 dire flail of holy wrath!
* * * LOW HITPOINT WARNING * * *
Edmund zaps a wand.
The puff of flame misses you.
Aim: Edmund, wielding a +3 dire flail of holy wrath, wearing a +0 ring mail and carrying a wand of flame (8) (heavily wounded, will become a boggart, a jelly, or an adder, chance to affect: 46%) Edmund resists with some effort.
Edmund zaps a wand.
The puff of flame hits you.
* * * LOW HITPOINT WARNING * * *
That's the wrong kind of item! (Use * to select it.)
Aim: Edmund, wielding a +3 dire flail of holy wrath, wearing a +0 ring mail and carrying a wand of flame (7) (heavily wounded, will become a boggart, a jelly, or an adder, chance to affect: 46%) Edmund resists with some effort.
Edmund drinks a potion.
Edmund suddenly seems more resistant.
Aim: Edmund, wielding a +3 dire flail of holy wrath, wearing a +0 ring mail and carrying a wand of flame (7) (heavily wounded, unusually resistant, will become a boggart, a jelly, or an adder, chance to affect: 46%) Edmund resists with some effort.
You feel much better.
Edmund zaps a wand.
The puff of flame misses you.
You hit Edmund but do no damage.
Edmund zaps a wand.
The puff of flame hits you!
You hit Edmund.
Edmund hits you with a +3 dire flail of holy wrath!
* * * LOW HITPOINT WARNING * * *
Edmund zaps a wand.
The puff of flame hits you.
* * * LOW HITPOINT WARNING * * *
Aim: Edmund, wielding a +3 dire flail of holy wrath, wearing a +0 ring mail and carrying a wand of flame (4) (heavily wounded, unusually resistant, will become a boggart, a jelly, or an adder, chance to affect: 46%) Edmund resists with some effort.
Aim: Edmund, wielding a +3 dire flail of holy wrath, wearing a +0 ring mail and carrying a wand of flame (4) (heavily wounded, unusually resistant, will become a boggart, a jelly, or an adder, chance to affect: 46%) Edmund resists with some effort.
Edmund zaps a wand.
The puff of flame misses you.
You see here an adder corpse.
Edmund zaps a wand.
The puff of flame misses you.
Edmund zaps a wand.
The puff of flame hits you!
* * * LOW HITPOINT WARNING * * *
Edmund zaps a wand.
The puff of flame hits you!
You die...

#≈o≈# ##.........**
#≈≈≈# #.........,,
#≈≈≈# #..[......,,
#...# ##...>....##*
##.### #.....##....*
#...# #.....##..#.,
#...####.......(...,
##[..........)....#.#
#...@###..........#.#
#......#..........#.#
#....#..@...........#
##...##.............#
#...###............#
##### ##.........#..
#.......†.....
#..........##.
#..........###


You could see Edmund (resistant).

Vanquished Creatures
  Blork the orc (D:4)
  A bullfrog (Sewer)
  A scorpion (D:4)
  A hound (D:4)
  An orc priest (D:2)
  A jelly (D:3)
  A centaur skeleton (D:4)
  2 orc wizards
  Jessica (D:3)
  Natasha (thrice) (D:3)
  A worker ant (D:3)
  8 adders
  9 oozes
  A worm (D:2)
  2 dart slugs (D:3)
  10 leopard geckos
  9 orcs
  11 ball pythons
  5 bats
  21 giant cockroaches
  7 goblins
  6 hobgoblins
  4 jackals
  5 kobolds
  3 quokkas
  14 frilled lizards
  A jackal skeleton (D:4)
  8 rats
  A bush (D:2)
139 creatures vanquished.

Vanquished Creatures (others)
  3 plants (D:2)
3 creatures vanquished.

Grand Total: 142 creatures vanquished

Notes
Turn   | Place    | Note
-------+----------+-------------------------------------------
     0 | D:1      | MalarOregon the Halfling Warper began the quest for the
                  | Orb.
     0 | D:1      | Reached XP level 1. HP: 14/14 MP: 3/3
     1 | D:1      | Found a runed translucent door.
   403 | D:1      | Reached XP level 2. HP: 18/19 MP: 4/4
   907 | D:1      | Reached skill level 1 in Stealth
   907 | D:1      | Reached XP level 3. HP: 18/24 MP: 5/5
  1710 | D:2      | Reached XP level 4. HP: 29/29 MP: 6/6
  1794 | D:2      | Found a glowing golden altar of the Shining One.
  1795 | D:2      | Found a burning altar of Makhleb.
  2046 | D:2      | Reached skill level 2 in Stealth
  2305 | D:2      | Found a snail-covered altar of Cheibriados.
  2537 | D:3      | Found a faded altar of an unknown god.
  2539 | D:3      | Reached XP level 5. HP: 35/35 MP: 7/7
  2584 | D:3      | Noticed Natasha
  2596 | D:3      | Killed Natasha
  2597 | D:3      | Reached skill level 1 in Short Blades
  2633 | D:3      | Noticed Natasha
  2848 | D:3      | Noticed Jessica
  2868 | D:3      | Killed Jessica
  2869 | D:3      | Killed Natasha
  2870 | D:3      | Reached skill level 3 in Stealth
  2962 | D:3      | Reached XP level 6. HP: 41/41 MP: 8/8
  3103 | D:3      | Got a brightly glowing hand axe
  3969 | D:4      | Found a glowing drain.
  3994 | Sewer    | Entered a sewer
  4516 | Sewer    | Reached XP level 7. HP: 41/45 MP: 9/9
  4705 | Sewer    | Reached skill level 4 in Stealth
  4850 | D:3      | Noticed Natasha
  4857 | D:3      | Killed Natasha
  5005 | D:4      | Noticed Grinder
  5007 | D:4      | Noticed Blork the orc
  5222 | D:4      | Killed Blork the orc
  5256 | D:4      | Reached skill level 5 in Stealth
  5256 | D:4      | Reached XP level 8. HP: 35/52 MP: 10/10
  5489 | D:4      | Noticed Edmund
  5523 | D:4      | Killed from afar by Edmund

Illustrated notes

Levels and vault maps discovered:
D:1:      dpeg_arrival_caged_fury, layout_loops_ring, minmay_misc_feat_iff
D:2:      layout_loops_cross, gammafunk_temple_overflow_pools, serial_forest,
          infiniplex_forest_end_2, infiniplex_forest_end_3,
          infiniplex_forest_lined_room_2, infiniplex_forest_fountain,
          infiniplex_forest_clump_small, infiniplex_forest_clump_double,
          lemuel_tele_altar
D:3:      minmay_octagon_keep, layout_basic,
          chequers_ecumenical_altar_simple_redux, moated_statue,
          minmay_misc_feat_cross, uniq_natasha, uniq_jessica
D:4:      layout_rooms, portal_sewer_entry_f, uniq_blork_the_orc, uniq_edmund,
          uniq_grinder

Skill      XL: |  1  2  3  4  5  6  7 |
---------------+----------------------+-----
Fighting       | 2 3 |  3.3
Stealth        | 1 2 3 5 |  5.0
Armour         | 2 3 |  3.3
Short Blades   | 1 2 3 |  3.1
Dodging        | 3 4 |  4.1
Long Blades    | 3 |  3.7
Throwing       | |  1.0
Spellcasting   | |  1.5
Translocations | |  3.2

Action                   |  1- 3 |  4- 6 |  7- 9 || total
-------------------------+-------+-------+-------++-------
Melee: Falchion          |    62 |     4 |       ||    66
       Short sword       |    37 |   282 |   102 ||   421
Throw: Dart              |       |     8 |       ||     8
Evoke: Wand              |       |       |     5 ||     5
  Use: Scroll            |       |     5 |       ||     5
       Potion            |       |       |     1 ||     1
 Stab: Sleeping          |     2 |     7 |     1 ||    10
       Distracted        |       |     1 |       ||     1
Armor: Leather armour    |    24 |    60 |    11 ||    95
Dodge: Dodged            |    73 |   250 |    94 ||   417
       Rpst.: Falchion   |    14 |     1 |       ||    15
